 Dungeon Crawl Stone Soup version 0.19-a0-1670-gc28a5d9 (console) character file.

1257 vible the Cleaver (level 8, -1/72 HPs)
             Began as a Hill Orc Chaos Knight on Sept 22, 2016.
             Slain by vible's ghost (31 damage)
             ... on level 6 of the Dungeon.
             The game lasted 00:15:40 (4683 turns).

vible the Cleaver (Hill Orc Chaos Knight)           Turns: 4683, Time: 00:15:41

Health: -1/72      AC: 13    Str: 11    XL:     8   Next: 51%
Magic:  7/7        EV:  6    Int: 16    God:    Xom [....*.]
Gold:   186        SH:  4    Dex: 12    Spells: 0 memorised, 7 levels left

rFire  + . .     SeeInvis +     a - +6 broad axe {chaos, rElec Str-4 Int+4 SInv}
rCold  + . .     Gourm    .     w - +0 chain mail
rNeg   . . .     Faith    .     (no shield)
rPois  .         Spirit   .     (no helmet)
rElec  +         Dismiss  .     B - +0 cloak of the Rose {Int+2}
rCorr  .         Reflect  +     (no gloves)
MR     +....     Harm     .     h - +0 pair of boots
Stlth  ..........               D - +4 amulet of reflection
                                C - ring of protection from cold
                                M - ring of protection from magic

@: no status effects
A: rugged brown scales 1, dopey 1, fire resistance 1, low mp 1
a: Renounce Religion


You were on level 6 of the Dungeon.
You worshipped Xom.
You were a beloved toy of Xom.
You were hungry.

You visited 1 branch of the dungeon, and saw 6 of its levels.

You collected 186 gold pieces.


Innate Abilities, Weirdness & Mutations

You are partially covered in rugged brown scales. (AC +1, +3% HP)
You are dopey. (Int -2)
Your flesh is heat resistant. (rF+)
Your magical capacity is low. (-10% MP)


   Skills:
 + Level 5.9 Fighting
 * Level 10.3 Axes
 + Level 4.9 Armour
 + Level 3.0 Dodging


You had 7 spell levels left.
You didn't know any spells.

Inventory:

Hand Weapons
 a - the +6 broad axe of Exquisite Death (weapon) {chaos, rElec Str-4 Int+4 SInv}
   (Xom gifted it to you on level 5 of the Dungeon)

   Each time it hits an enemy it has a different, random effect.
   It affects your strength (-4).
   It affects your intelligence (+4).
   It insulates you from electricity.
   It lets you see invisible.
 b - a +0 war axe
 k - a +0 hand axe of chaos
 E - a +2 whip of venom
Armour
 g - a +2 leather armour
 h - a +0 pair of boots (worn)
 q - a +0 ring mail
 w - a +0 chain mail (worn)
 y - a +0 pair of boots
 B - the +0 cloak of the Rose (worn) {Int+2}
   (You found it on level 5 of the Dungeon)

   It affects your intelligence (+2).
Jewellery
 C - a ring of protection from cold (right hand)
 D - a +4 amulet of reflection (around neck)
 H - an uncursed ring of loudness
 I - a +4 ring of intelligence
 M - a ring of protection from magic (left hand)
Wands
 m - a wand of slowing (26/48)
Scrolls
 f - 3 scrolls of magic mapping
 n - a scroll of vulnerability {unknown}
 o - a scroll of teleportation {@r4}
 r - a scroll of immolation {unknown}
 t - a scroll of fog
 v - a scroll of amnesia {unknown}
 z - a scroll of recharging {unknown}
 F - a scroll of enchant armour {unknown}
Potions
 d - a potion of brilliance
 e - a potion of resistance
 i - 2 potions of magic
 j - a potion of curing {@q1}
 l - a potion of cancellation
 p - a potion of agility
 x - 2 potions of heal wounds {@q2}
 A - a potion of lignification {!q}
 G - a potion of ambrosia {unknown}
Comestibles
 c - 2 bread rations {@e1}
 s - a slice of pizza {@e2}
 u - 4 beef jerkies {@e2}

#.#.#.. @ # #....
5# ##.#. #. #.#.
#. #.#. #W #.#.
#. #.#. #@#####
## #.5W@.#
######### #####.#
#........... #.#
##.##........
#.###...#........
#.......##.......
#####...##......#
#...##.......
#...##.......
#...##.......


You could see Eustachio, vible's ghost and a crimson imp.


Message History

An adder skeleton comes into view.
You hit the adder skeleton.
The adder skeleton is moderately damaged.
The adder skeleton bites you.
You hit the adder skeleton.
The adder skeleton is severely damaged.
You block the adder skeleton's attack.
You slash the adder skeleton! You burn the adder skeleton.
You destroy the adder skeleton!
No target in view!
n - a scroll labeled YXUFRET XEWE Vible's ghost (novice Ogre Abyssal Knight) comes into view.
Vible's ghost turns its malevolent gaze towards you.
Eustachio the Magnificent comes into view.
He is wielding a falchion.
Eustachio shouts!
Eustachio gestures wildly while chanting. "You have grown too confident for your meagre worth."
Your body is wracked with pain!
You are now a beloved toy of Xom.
You slash vible's ghost!
There is a sudden explosion of sparks!
Vible's ghost is moderately damaged.
Vible's ghost hits you but does no damage.
You hit vible's ghost.
Vible's ghost convulses.
Vible's ghost is moderately damaged.
Vible's ghost hits you but does no damage.
You hit vible's ghost. You burn vible's ghost.
Vible's ghost is moderately damaged.
Vible's ghost hits you!!
You die...
Xom thinks this is hilarious!

Action                   |  1- 3 |  4- 6 |  7- 9 || total
-------------------------+-------+-------+-------++-------
Melee: Hand axe          |    69 |   186 |       ||   255
       Whip              |    11 |       |       ||    11
       War axe           |       |    46 |   114 ||   160
       Broad axe         |       |       |    38 ||    38
  Use: Scroll            |       |     8 |     5 ||    13
 Stab: Paralysed         |       |     1 |       ||     1
  Eat: Chunk             |       |     8 |     4 ||    12
Armor: Leather armour    |    19 |    40 |       ||    59
       Ring mail         |       |    17 |       ||    17
       Chain mail        |       |    27 |    81 ||   108
Dodge: Dodged            |    36 |    98 |    53 ||   187
Block: Other             |       |       |     8 ||     8

Vault maps used:
D:1:      lemuel_arrival_behind_the_door_small
D:2:      marbit_many_paths, uniq_jessica
D:3:      first_bread, ecumenical_altar_1, nrook_mini_backslash
D:5:      minitemple
D:6:      serial_curves, eino_curves_01, eino_curves_02, uniq_eustachio

Notes
Turn   | Place    | Note
-------+----------+-------------------------------------------
     0 | D:1      | vible the Hill Orc Chaos Knight began the quest for the Orb.
     0 | D:1      | Reached XP level 1. HP: 19/19 MP: 1/1
    18 | D:1      | XOM: potion effect (haste)
    20 | D:1      | Reached XP level 2. HP: 26/26 MP: 2/2
    37 | D:1      | Reached skill level 5 in Axes
   192 | D:1      | XOM: mild Erth miscast
   268 | D:1      | Reached XP level 3. HP: 22/31 MP: 3/3
   498 | D:1      | XOM: divination: magic mapping
   565 | D:1      | XOM is BORED!
   565 | D:1      | XOM: noise
   672 | D:2      | XOM: harmless Air miscast
   676 | D:2      | Reached skill level 6 in Axes
   704 | D:2      | Reached XP level 4. HP: 34/39 MP: 4/4
   879 | D:2      | Found a hazy altar of Hepliaklqana.
   882 | D:2      | XOM is BORED!
   882 | D:2      | XOM: mild Chrm miscast
  1158 | D:2      | Reached skill level 1 in Dodging
  1200 | D:2      | Noticed Jessica
  1211 | D:2      | Killed Jessica
  1211 | D:2      | Reached skill level 7 in Axes
  1211 | D:2      | Reached XP level 5. HP: 45/46 MP: 5/5
  1474 | D:2      | XOM: mild Ice miscast
  1551 | D:2      | HP: 1/46 [gnoll/spear (9)]
  1552 | D:2      | Reached skill level 4 in Fighting
  1605 | D:2      | XOM: silly message
  2116 | D:2      | XOM: divination: detect items
  2388 | D:3      | Found a faded altar of an unknown god.
  2424 | D:3      | XOM: harmless Fire miscast
  2474 | D:3      | Reached XP level 6. HP: 48/52 MP: 6/6
  2626 | D:3      | XOM: harmless Ice miscast
  2628 | D:3      | XOM: silly message
  2848 | D:4      | Noticed a phantom
  2849 | D:4      | XOM: silly message
  2882 | D:4      | Killed a phantom
  2882 | D:4      | Reached skill level 3 in Armour
  2986 | D:4      | Reached skill level 8 in Axes
  3084 | D:4      | XOM: give mutations
  3084 | D:4      | Gained mutation: Your magical capacity is low. (-10% MP) [Xom's mischief]
  3084 | D:4      | Gained mutation: You are dopey. (Int -2) [Xom's mischief]
  3241 | D:4      | Reached skill level 2 in Dodging
  3241 | D:4      | Reached XP level 7. HP: 55/60 MP: 6/6
  3243 | D:4      | XOM: give mutations
  3243 | D:4      | Gained mutation: You are partially covered in rugged brown scales. (AC +1, +3% HP) [Xom's grace]
  3243 | D:4      | Gained mutation: Your flesh is heat resistant. (rF+) [Xom's grace]
  3307 | D:4      | XOM: cloud trail
  3473 | D:4      | Reached skill level 5 in Fighting
  3509 | D:4      | XOM: cloud trail
  3759 | D:5      | Entered Level 5 of the Dungeon
  3761 | D:5      | Reached skill level 9 in Axes
  3801 | D:5      | Reached skill level 4 in Armour
  3854 | D:5      | XOM: divination: detect items
  3874 | D:5      | XOM: potion effect (heal wounds)
  3966 | D:5      | Reached XP level 8. HP: 70/70 MP: 7/7
  4068 | D:5      | Got a shimmering cloak
  4074 | D:5      | Identified the +0 cloak of the Rose {Int+2} (You found it on level 5 of the Dungeon)
  4131 | D:5      | XOM is BORED!
  4131 | D:5      | XOM: torment (37/71 hp)
  4242 | D:5      | XOM: scenery: create altars
  4328 | D:5      | XOM: god gift: jewelled broad axe {god gift}
  4329 | D:5      | Got a jewelled broad axe {god gift}
  4330 | D:5      | Identified the +6 broad axe of Exquisite Death {chaos, rElec Str-4 Int+4 SInv} (Xom gifted it to you on level 5 of the Dungeon)
  4392 | D:5      | Found a bloodstained altar of Trog.
  4396 | D:5      | XOM: summons 4 hostile shadow creatures
  4412 | D:5      | Found a basalt altar of Yredelemnul.
  4416 | D:5      | Found a shimmering altar of Xom.
  4490 | D:6      | XOM: enchant monster (bad)
  4505 | D:6      | Reached skill level 10 in Axes
  4585 | D:6      | Reached skill level 3 in Dodging
  4674 | D:6      | Noticed vible's ghost (novice OgAK)
  4676 | D:6      | Noticed Eustachio
  4680 | D:6      | XOM: torment (30/72 hp)
  4683 | D:6      | Slain by vible's ghost

Vanquished Creatures
  A water moccasin (D:6)
  An ogre (D:4)
  A phantom (D:4)
  2 scorpions (D:5)
  5 wights (D:6)
  2 howler monkeys (D:4)
  A crimson imp (D:5)
  A quasit (D:6)
  2 hounds
  A jelly (D:5)
  4 orc wizards
  Jessica (D:2)
  A worker ant (D:4)
  An iguana (D:4)
  11 adders
  6 gnolls
  A shadow imp (D:6)
  An adder skeleton (D:6)
  4 worms
  5 dart slugs
  2 leopard geckos
  6 orcs
  5 bats
  4 giant cockroaches
  4 goblins
  A hobgoblin (D:1)
  3 jackals (D:2)
  12 kobolds
  2 quokkas
  A ball python (D:3)
  6 frilled lizards
  8 rats
106 creatures vanquished.
